 Dungeon Crawl Stone Soup version 0.32-a0-391-gce5c0aab1b (webtiles) character file.

Game seed: 18079569736836357687

1757919 Monkooky the Sorcerer (level 24, 191/191 HPs)
             Began as a Mummy Alchemist on Feb 16, 2024.
             Was the Champion of Yredelemnul.
             Escaped with the Orb
             ... and 3 runes
             ... and 1 gem on Feb 19, 2024!
             The game lasted 06:03:49 (65693 turns).

Monkooky the Sorcerer (Mummy Alchemist)            Turns: 65693, Time: 06:03:50

Health: 191/191    AC: 20    Str: 14      XL:     24   Next: 76%
Magic:  50/50      EV: 12    Int: 37 (38) God:    Yredelemnul [******]
Gold:   504        SH:  6    Dex: 13      Spells: 3/69 levels left

rFire   + + .        V - staff of fire
rCold   + . .        P - +2 buckler {AC+3}
rNeg    + + +        Z - +2 robe {rF+}
rPois   ∞            z - +2 helmet {Int+3}
rElec   +            A - +1 cloak of Light {+Blink rF+ Str+3 Stlth+}
rCorr   .            l - +3 pair of gauntlets of War {Slay+5}
SInv    .            W - +2 pair of boots of the Morning {rElec Int+4 Slay-6}
Will    +++..        b - amulet of magic regeneration
Stlth   ++           M - +6 ring of intelligence
HPRegen 0.51/turn    m - ring of wizardry
MPRegen 0.72/turn

%: faith, wizardry (x1)
@: wreathed by umbra
A: cold resistance 1, negative energy resistance 3, torment resistance 2, heat
vulnerability 1, in touch with death 2, no potions, faith
0: Orb of Zot
}: 3/15 runes: barnacled, slimy, gossamer
a: Renounce Religion, Evoke Blink, Light the Black Torch, Recall Undead Harvest,
Hurl Torchlight, Bind Soul, Fathomless Shackles


You escaped.
You worshipped Yredelemnul.
Yredelemnul was pleased with you.
You visited 11 branches of the dungeon, and saw 51 of its levels.
You visited 1 bazaar.
You also visited: Sewer and Bailey.

You collected 5879 gold pieces.
You spent 5375 gold pieces at shops.

Inventory:

Hand Weapons
 p - the +6 falchion "Extilu" {freeze, rC+ rN+ rCorr Str+3}
   (You found it on level 9 of the Dungeon)

   Str+3:     It affects your strength (+3).
   rC+:       It protects you from cold.
   rN+:       It protects you from negative energy.
   rCorr:     It protects you from acid and corrosion.
 r - the +3 spear of Fufymporr {protect, rF+ Int+2}
   (You took it off a deep elf death mage on level 3 of the Elven Halls)

   Int+2:     It affects your intelligence (+2).
   rF+:       It protects you from fire.
Missiles
 v - 2 throwing nets
Armour
 l - the +3 pair of gauntlets of War (worn) {Slay+5}
   (You found it on level 8 of the Dungeon)

   Slay+5:    It affects your accuracy & damage with ranged weapons and melee
   (+5).
 n - the +5 ring mail of Ethics {rN+ Regen+ Dex-2}
   (You bought it in a shop on level 4 of the Depths)

   Dex-2:     It affects your dexterity (-2).
   rN+:       It protects you from negative energy.
   Regen+:    It increases your rate of health regeneration.
 x - quicksilver dragon scales
 z - a +2 helmet of intelligence (worn)
 A - the +1 cloak of Light (worn) {+Blink rF+ Str+3 Stlth+}
   (You found it on level 2 of the Shoals)

   Str+3:     It affects your strength (+3).
   rF+:       It protects you from fire.
   +Blink:    It lets you blink.
   Stlth+:    It makes you more stealthy.
 P - a +2 buckler of protection (worn)
 W - the +2 pair of boots of the Morning (worn) {rElec Int+4 Slay-6}
   (You bought it in a shop on level 2 of the Orcish Mines)

   Int+4:     It affects your intelligence (+4).
   Slay-6:    It affects your accuracy & damage with ranged weapons and melee
   (-6).
   rElec:     It insulates you from electricity.
 Z - a +2 robe of fire resistance (worn)
Magical Staves
 u - the staff of Painful Death {rN+ Hexes Necro Alchemy}
   (You found it on level 5 of the Pits of Slime)

   [staff of death]

   Base accuracy: +5 Base damage: 5 Base attack delay: 1.2 This weapon's minimum
   attack delay (0.6) is reached at skill level 12.
   rN+:       It protects you from negative energy.
   Hexes:     It increases the power of your Hexes spells.
   Necro:     It increases the power of your Necromancy spells.
   Alchemy:   It increases the power of your Alchemy spells.
   It falls into the 'Staves' category.
   It is a one-handed weapon.
 T - a staff of conjuration
 V - a staff of fire (weapon)
Jewellery
 a - the ring "Jediell" {MP+9 Dex+4}
   (You found it on level 5 of the Pits of Slime)

   [ring of magical power]

   Dex+4:     It affects your dexterity (+4).
   MP+9:      It affects your magic capacity (+9).
 b - an amulet of magic regeneration (around neck)
 d - a ring of willpower
 j - a ring of see invisible
 m - a ring of wizardry (right hand)
 o - a +4 ring of protection
 t - the ring of Naucannoe {Fire Int+3}
   (You took it off a deep elf death mage on level 3 of the Elven Halls)

   [ring of fire]

   Fire:      It enhances your fire magic.
   Int+3:     It affects your intelligence (+3).
   rF+:       It protects you from fire.
   rC-:       It makes you vulnerable to cold.
 C - a +5 ring of evasion
 G - a ring of protection from fire
 M - a +6 ring of intelligence (left hand)
 O - a ring of protection from cold
 Y - a +5 ring of evasion
Wands
 f - a wand of polymorph (23)
 g - a wand of flame (88)
 h - a wand of charming (50)
 w - a wand of roots (16)
 B - a wand of digging (8)
 H - a wand of mindburst (19)
 N - a wand of light (27)
Scrolls
 c - 2 scrolls of butterflies
 e - 10 scrolls of vulnerability
 q - 6 scrolls of immolation
 s - 15 scrolls of enchant weapon
 y - 2 scrolls of amnesia
 D - 18 scrolls of teleportation
 E - 9 scrolls of fog
 J - 4 scrolls of fear
 K - 3 scrolls of brand weapon
 L - 7 scrolls of enchant armour
 Q - 7 scrolls of poison
 X - 2 scrolls of silence
Miscellaneous
 i - a condenser vane
 k - a phantom mirror
 I - a box of beasts
 R - a lightning rod (4/4)
 S - a phial of floods


   Skills:
 - Level 16.0 Fighting
 - Level 4.0 Armour
 - Level 2.9 Dodging
 - Level 1.5 Stealth
 + Level 23.1 Spellcasting
 * Level 18.9 Conjurations
 - Level 5.1 Hexes
 - Level 6.8 Necromancy
 + Level 19.8 Fire Magic
 - Level 5.0 Ice Magic
 - Level 3.1 Air Magic
 - Level 5.5 Earth Magic
 - Level 8.1 Alchemy
 - Level 13.0 Invocations
 - Level 6.0 Evocations


You had 3 spell levels left.
You knew the following spells:

 Your Spells              Type           Power      Damage    Failure   Level
a - Dispel Undead         Necr           100%       3d31      1%          4
b - Fireball              Conj/Fire      68%        3d26      0%          5
c - Fire Storm            Conj/Fire      68%        8d17      11%         9
d - Olgreb's Toxic Radia  Alch           80%        N/A       1%          4
e - Haunt                 Necr/Summ      50%        N/A       52%         7
f - Yara's Violent Unrav  Hex/Alch       37%        3d15      1%          5
g - Freezing Cloud        Conj/Ice/Air   41%        6-21      1%          5
h - Ignition              Fire           68%        3d18      1%          8
i - Martyr's Knell        Necr/Summ      100%       N/A       1%          4
j - Sculpt Simulacrum     Ice/Alch       37%        N/A       3%          6
k - Lee's Rapid Deconstr  Erth           35%        3d18*     1%          5
l - Passage of Golubria   Tloc           42%        N/A       3%          4

Your spell library contained the following spells:

 Spells                   Type           Power      Damage    Failure   Level
 Foxfire                  Conj/Fire      100%       2x1d9     0%          1
 Magic Dart               Conj           100%       1d8       0%          1
 Shock                    Conj/Air       100%       1d9       0%          1
 Sting                    Conj/Alch      100%       1d9       0%          1
 Momentum Strike          Conj/Tloc      100%       3d10      0%          2
 Scorch                   Fire           100%       2d9       0%          2
 Hailstorm                Conj/Ice       93%        3d15      0%          3
 Inner Flame              Hex/Fire       100%       N/A       0%          3
 Necrotise                Necr           100%       1d9       1%          1
 Slow                     Hex            100%       N/A       1%          1
 Summon Small Mammal      Summ           100%       N/A       1%          1
 Call Imp                 Summ           84%        N/A       1%          2
 Cigotuvi's Dreadful Rot  Necr/Alch/Air  100%       N/A       1%          2
 Mercury Vapours          Alch/Air       100%       N/A       1%          2
 Call Canine Familiar     Summ           42%        N/A       1%          3
 Confusing Touch          Hex            69%        N/A       1%          3
 Frozen Ramparts          Ice            100%       1d16      1%          3
 Mephitic Cloud           Conj/Alch/Air  87%        N/A       1%          3
 Sigil of Binding         Hex            69%        N/A       1%          3
 Summon Ice Beast         Ice/Summ       57%        N/A       1%          3
 Swiftness                Air            60%        N/A       1%          3
 Tukima's Dance           Hex            69%        N/A       1%          3
 Vampiric Draining        Necr           100%       2d13      1%          3
 Volatile Blastmotes      Fire/Tloc      100%       2d18      1%          3
 Flame Wave               Conj/Fire      100%       2d21      0%          4
 Airstrike                Air            30%        2d(5-21)  1%          4
 Anguish                  Hex/Necr       57%        N/A       1%          4
 Animate Armour           Summ/Erth      100%       N/A       1%          4
 Dimensional Bullseye     Hex/Tloc       29%        N/A       1%          4
 Leda's Liquefaction      Alch/Erth      38%        N/A       1%          4
 Petrify                  Alch/Erth      76%        N/A       1%          4
 Sticky Flame             Fire/Alch      100%       2d15      1%          4
 Summon Blazeheart Golem  Fire/Summ      100%       N/A       1%          4
 Summon Lightning Spire   Summ/Air       53%        N/A       1%          4
 Vhi's Electric Charge    Tloc/Air       100%       N/A       1%          4
 Arcjolt                  Conj/Air       45%        1d55      1%          5
 Curse of Agony           Necr           100%       N/A       1%          5
 Metabolic Englaciation   Hex/Ice        34%        N/A       1%          5
 Plasma Beam              Fire/Air       56%        2x1d72    1%          6
 Starburst                Conj/Fire      68%        6d18      1%          6
 Summon Mana Viper        Hex/Summ       58%        N/A       3%          5
 Summon Forest            Summ/Tloc      21%        N/A       9%          5
 Summon Cactus Giant      Summ           21%        N/A       41%         6
 Infestation              Necr           59%        N/A       71%         8
 Monstrous Menagerie      Summ           21%        N/A       92%         7
 Summon Hydra             Summ           21%        N/A       92%         7
 Sublimation of Blood     Necr           Unusable   N/A       N/A         2
 Animate Dead             Necr           Unusable   N/A       N/A         4
 Death Channel            Necr           Unusable   N/A       N/A         6
 Borgnjor's Revivificati  Necr           Unusable   N/A       N/A         8
 Death's Door             Necr           Unusable   N/A       N/A         9

Dungeon Overview and Level Annotations

Branches:
Dungeon (15/15)            Temple (1/1) D:7            Lair (5/5) D:11
 Shoals (4/4) Lair:2       Spider (4/4) Lair:2        Slime (5/5) Lair:4
    Orc (2/2) D:12            Elf (3/3) Orc:2        Vaults (3/5) D:13
  Crypt (0/3) Vaults:2     Depths (4/4) D:15            Zot (5/5) Depths:4
  Sewer (visited)          Bailey (visited)

Altars:
Ashenzari
Cheibriados
Dithmenos
Fedhas
Gozag
Hepliaklqana
Kikubaaqudgha
Makhleb
Nemelex Xobeh
Okawaru
Qazlal
Ru
Sif Muna
Trog
Uskayaw
Vehumet
Wu Jian
Xom
Yredelemnul
Beogh
Jiyva
Lugonu

Shops:
D:4 !   D:11 :   D:15 (   Orc:2 *=*[   Elf:1 ?   Elf:2 [=(   Elf:3 :=
Shoals:2 [:[   Shoals:4 ?   Vaults:1 [   Vaults:3 =   Zot:4 *   Depths:4 =[*(

Portals:
Hell: Depths:1 Depths:2 Depths:3 Depths:4
Abyss: Lair:5 Depths:3
Pandemonium: Orc:2 Depths:2 Depths:3
Ziggurat: Depths:1

Annotations:
D:4 exclusion: downstairs
D:7 3 runed translucent doors, jfitz's ghost, novice MiBe
Shoals:3 exclusion: downstairs
Elf:1 1 runed translucent door, jboons's ghost, adept DrEE
Elf:2 3 runed translucent doors


Innate Abilities, Weirdness & Mutations

You are immune to poison.
Your flesh is cold resistant. (rC+)
You are immune to negative energy. (rN+++)
You are immune to unholy pain and torment.
You are vulnerable to heat. (rF-)
You are strongly in touch with the powers of death.
You do not drink.
You have a special connection with the divine. (Faith)


Message History

Your magic feels tainted.
There is a stone staircase leading up here.
You climb upwards.
There is a stone staircase leading down here.
Zenata is recalled.
What level of the Dungeon? (default 1, ? - help)
There is a stone staircase leading up here.
You climb upwards.
There is a stone staircase leading down here.
Your magic seems less tainted.
A lich comes into view.
Zenata sends weapons flying into battle!
The lich casts a spell at you. The bolt of cold misses you.
Casting: Fire Storm (dangerous; 11% risk of failure)
Confirm with . or Enter, or press ? or * to list all spells.
Aiming: Dispel Undead (safe; 1% risk of failure)
Press: ? - help, Shift-Dir - straight line, f - lich
Aim: a lich (ally target, umbra, 100% to hit)
You feel a strong surge of power!
The lich is dispelled!!
Your +2 trident of protection hits the lich.
Your +2 trident of protection hits the lich!!
Bukij comes into view.
Your +2 trident of protection hits the lich!
The lich touches your +2 trident of protection but does no damage.
Bukij moves out of view.
Unknown command.
You swap places.
Your +2 trident of protection hits the lich!
Your +2 trident of protection barely misses the lich.
The lich barely misses your +2 trident of protection.
Unknown command.
Something touches your +2 trident of protection but does no damage.
Something closely misses your +3 heavy halberd.
Blink to where?
Press: ? - help, Dir - move target
As you read the scroll of blinking, it crumbles to dust.
Magic restored.
Something completely misses your +3 heavy halberd.
You have escaped!

##.........#
##.........######
##.........# #.#.......# #
##.........# ###.##......# #
##.........# ###...##.##...#
#
##.........###.#.#.#..######
# #############.#.#.#.#.# #
######### ##.#.#(#.(# #
..).....# #.#.#(#.#(#### #
........# ###.#@#.#LZ...## #
.......!#
##..#.#.#&####..### #
........#
#..#.#.#.#.####...#####
........#
#.#.#.#.#.#............
........#
#.#########.######..##.
........# #.......# #.#
#####.##. ........#
#.......# #.# #......>.
........#
#..)....###+###.#######
........#
#............##.#......


You could see 2 friendly dancing weapons.

Vanquished Creatures
  the Royal Jelly (Slime:5)
  A dread lich (Zot:5)
  A curse toe (Zot:3)
  An electric golem (Zot:5)
  A lich (Depths:3)
  13 Orb Guardians (Zot:5)
  5 acid blobs (Slime:5)
  2 deep elf blademasters (Elf:3)
  2 deep elf master archers (Elf:3)
  2 quicksilver dragons (Zot:5)
  A kraken (Shoals:2)
  3 death cobs
  Agnes (D:15)
  Gastronok (Lair:1)
  5 rockslimes
  A protean progenitor (Zot:1)
  4 storm dragons
  3 azure jellies (Slime:5)
  A draconian monk (Zot:2)
  4 frost giants
  A draconian scorcher (Depths:4)
  5 deep elf sorcerers (Elf:3)
  3 emperor scorpions (Spider:4)
  2 formless jellyfish (Slime:4)
  2 draconian annihilators
  A balrug (Depths:3)
  A vault warden (Vaults:2)
  A reaper (Depths:3)
  6 quicksilver oozes (Slime:5)
  4 ironbound preservers (Vaults:1)
  2 very ugly things
  An ironbound thunderhulk (Vaults:3)
  6 stone giants
  A green draconian (Depths:4)
  2 deep elf demonologists (Elf:3)
  A vampire knight (Depths:3)
  3 yellow draconians
  3 purple draconians
  7 deep elf annihilators
  2 black draconians
  A deep elf death mage (Elf:3)
  2 red draconians (Zot:3)
  4 dire elephants (Vaults:1)
  A wendigo (Depths:2)
  3 white draconians
  9 spark wasps
  7 ettins
  2 fire dragons
  2 merfolk impalers (Shoals:4)
  3 merfolk javelineers
  A yaktaur captain (Vaults:2)
  3 entropy weavers
  A deep elf high priest (Elf:3)
  2 spriggan zombies
  3 great orbs of eyes
  4 rakshasas
  5 hydras
  6 ice dragons
  2 spriggan air magi (Depths:4)
  A vault guard (Bailey)
  An ogre mage (D:15)
  6 boulder beetles
  2 jorogumos
  4 radroaches
  2 demonspawn (Orc:2)
  3 ironbound frosthearts
  14 centaur warriors
  9 dancing weapons
  A spectral protean progenitor (Zot:1)
  4 merfolk aquamancers
  3 two-headed ogres
  2 death yaks (Lair:4)
  3 satyrs (Shoals:4)
  3 deep troll earth magi
  2 demonic crawlers
  7 deep troll shamans
  3 orc high priests (Orc:2)
  3 thrashing horrors (Lair:5)
  13 deep elf knights
  4 spriggan berserkers
  A sun demon (Orc:2)
  Nergalle (Lair:1)
  A soul eater (Depths:3)
  5 pharaoh ants
  4 skeletal warriors
  A spark wasp zombie (Depths:2)
  A salamander mystic (Depths:4)
  4 skysharks
  3 sea snakes
  44 deep trolls
  5 orb spiders
  A spriggan simulacrum (Depths:2)
  6 deep elf archers
  2 glowing orange brains (Depths:1)
  2 orange crystal statues (Depths:2)
  3 arcanists
  5 steelbarb worms
  3 necromancers
  3 ironbound convokers
  2 lindwurms (Vaults:2)
  4 orc knights
  11 deep elf pyromancers
  10 harpies (Vaults:2)
  A fire giant zombie (Depths:3)
  A harpy (shapeshifter) (D:15)
  8 orc sorcerers
  A salamander (Depths:4)
  9 deep elf zephyrmancers
  9 cyclopes
  A shining eye (Slime:5)
  3 manticores
  8 ugly things
  An elf skeleton (Vaults:1)
  13 wolf spiders
  8 fauns
  4 merfolk sirens
  A large abomination (Lair:5)
  9 moths of wrath
  2 meliai (D:14)
  6 elephants
  A meliai (shapeshifter) (Elf:1)
  A black mamba (shapeshifter) (D:13)
  3 kobold blastminers (Orc:2)
  3 torpor snails (Spider:4)
  5 vault sentinels
  11 cane toads
  3 black mambas
  4 smoke demons
  An unseen horror (D:10)
  A water nymph (Shoals:3)
  An orange demon (D:11)
  An efreet (D:15)
  3 kobold demonologists
  5 komodo dragons
  2 rime drakes
  A golden dragon simulacrum (Depths:2)
  2 tengu conjurers
  2 red devils (Orc:2)
  15 yaktaurs
  4 trolls
  A polar bear (Lair:4)
  5 merfolk
  Prince Ribbit (D:6)
  A hellwing (D:11)
  A hornet (shapeshifter) (Elf:2)
  A nameless horror (Elf:3)
  A wolf spider simulacrum (D:15)
  9 hornets
  2 wind drakes
  A merfolk (shapeshifter) (Elf:1)
  37 tarantellas
  12 blink frogs
  A snapping turtle (Shoals:4)
  A raiju (Lair:5)
  4 dream sheep (Lair:5)
  A glass eye (shapeshifter) (Depths:4)
  4 glass eyes
  54 slime creatures
  A fire giant simulacrum (Depths:2)
  19 jumping spiders
  An ice dragon zombie (Depths:2)
  A ynoxinul (Lair:5)
  A deep troll zombie (Depths:3)
  16 culicivoras
  5 spriggans
  A black mamba zombie (Lair:5)
  7 water elementals
  4 small abominations (Lair:5)
  5 wyverns
  27 yaks
  3 shadows
  5 humans (Bailey)
  A yak (shapeshifter) (Lair:5)
  6 fire elementals
  4 fire bats
  2 golden eyes (Slime:3)
  A golden eye (shapeshifter) (Elf:1)
  6 basilisks
  38 redbacks
  A steam dragon (D:8)
  8 vampire mosquitoes
  A chaos spawn (Lair:5)
  A yaktaur simulacrum (Vaults:2)
  An acid dragon (D:9)
  A naga (shapeshifter) (Elf:1)
  3 glowing shapeshifter zombies
  A merfolk zombie (Shoals:2)
  7 water moccasins
  3 hell hounds
  A black bear (D:6)
  18 orc warriors
  A sky beast (D:11)
  An ice beast (D:5)
  2 wolves
  A boggart (shapeshifter) (Elf:1)
  3 laughing skulls
  A boggart (D:15)
  10 centaurs
  5 ogres
  6 kobold brigands
  14 bullfrogs
  2 brain worms (Sewer)
  An earth elemental (Elf:1)
  9 scorpions
  2 yak zombies
  14 killer bees
  3 electric eels
  5 howler monkeys
  A wolf zombie (Lair:5)
  3 bombardier beetles
  A bullfrog zombie (Lair:3)
  2 hounds (D:5)
  Crazy Yiuf (D:6)
  A gnoll bouda (D:9)
  19 orc priests
  3 jellies
  A sleepcap (D:5)
  Jessica (D:3)
  3 iguanas (D:5)
  Natasha (thrice) (D:4)
  A boggart zombie (D:15)
  9 orc wizards
  5 hell rats (Lair:4)
  A sky beast zombie (D:11)
  A gnoll (Bailey)
  2 river rats (Sewer)
  17 adders
  2 shadow imps (D:5)
  2 white imps
  4 ufetubi (D:6)
  2 dart slugs
  3 ribbon worms
  61 orcs
  5 bats
  2 endoplasms
  5 giant cockroaches
  13 goblins
  4 hobgoblins
  5 jackals
  5 quokkas
  8 ball pythons
  7 frilled lizards
  14 kobolds
  3 orc zombies (Orc:2)
  18 rats
  4 aspiring fleshes (Zot:1)
  7 fire vortices
  4 tentacles (Shoals:2)
1204 creatures vanquished.

Vanquished Creatures (collateral kills)
  3 dread liches (Zot:5)
  An orb of fire (Zot:5)
  2 ancient liches (Zot:5)
  Parghit (Zot:1)
  Vv (Zot:2)
  2 curse toes
  4 Killer Klowns (Zot:5)
  7 golden dragons
  Norris (Vaults:1)
  The ghost of yleetSyT the Warrior, an adept NaFi of Beogh (Shoals:4)
  Jorgrun (Shoals:1)
  An electric golem (Zot:5)
  10 Orb Guardians
  2 liches (Depths:3)
  A walking frostbound tome (Depths:2)
  7 tentacled monstrosities
  A sphinx (Depths:4)
  10 acid blobs
  3 quicksilver dragons
  6 death cobs
  5 shadow dragons
  Donald (Shoals:1)
  A storm dragon (Zot:1)
  4 tengu reavers
  4 rockslimes
  4 fire giants
  The ghost of Ygem the Fighter, a journeyman DsFE of Sif Muna (Shoals:1)
  5 frost giants
  5 azure jellies
  A protean progenitor (Zot:1)
  A draconian scorcher (Zot:3)
  2 draconian knights
  2 emperor scorpions
  A ghoul (Vaults:2)
  An iron dragon (Depths:3)
  10 vault wardens
  4 ghost moths
  An orc warlord (Vaults:2)
  A deep elf elementalist (Elf:3)
  2 reapers (Depths:2)
  A balrug (Depths:1)
  A spriggan defender (Depths:4)
  2 draconian annihilators
  6 formless jellyfish
  A caustic shrike skeleton (Depths:3)
  2 broodmothers
  A quicksilver ooze (Slime:5)
  12 ironbound preservers
  2 ironbound thunderhulks (Vaults:2)
  7 very ugly things
  12 stone giants
  3 green draconians
  A wendigo (Depths:2)
  6 deep elf death magi
  3 vampire knights
  2 black draconians
  2 yellow draconians
  6 dire elephants
  5 red draconians
  5 spark wasps
  4 white draconians
  4 purple draconians
  4 merfolk javelineers
  4 entropy weavers
  7 ettins
  A deep elf high priest (Elf:3)
  3 yaktaur captains
  5 fire dragons
  6 merfolk impalers
  3 rakshasas
  9 great orbs of eyes
  3 vault guards
  A caustic shrike simulacrum (Depths:2)
  A hydra (Lair:5)
  Erolcha (D:12)
  6 ice dragons
  2 spriggan air magi (Depths:3)
  3 jorogumos
  An alligator snapping turtle (Shoals:4)
  5 merfolk aquamancers
  3 merfolk avatars
  6 centaur warriors
  A catoblepas (Lair:5)
  2 boulder beetles
  4 dancing weapons
  4 ironbound frosthearts
  A satyr (Shoals:4)
  2 radroaches
  4 death yaks (Lair:4)
  A tengu warrior (Depths:3)
  4 deep troll shamans
  6 demonic crawlers
  A thrashing horror (Lair:5)
  8 deep troll earth magi
  Sonja (D:12)
  2 deep elf knights (Elf:2)
  9 spriggan berserkers
  A titan skeleton (Depths:3)
  A soul eater (Depths:2)
  A sun demon (Depths:3)
  5 skeletal warriors
  3 skysharks
  2 iron trolls (Depths:4)
  7 sea snakes
  3 pharaoh ants
  A large abomination (Lair:5)
  A sun moth (Spider:2)
  A glowing orange brain (Slime:5)
  31 deep trolls
  A spriggan rider (Depths:2)
  A deep elf archer (Elf:3)
  A mana viper (shapeshifter) (Elf:1)
  4 ironbound convokers
  A necromancer (Vaults:1)
  5 steelbarb worms
  An orb spider (Spider:4)
  2 phantasmal warriors (Depths:4)
  4 orc knights
  6 deep elf zephyrmancers
  3 shining eyes
  10 deep elf pyromancers
  6 cyclopes
  10 fauns
  3 orc sorcerers
  A stone giant zombie (Vaults:1)
  12 wolf spiders
  11 ugly things
  2 tengu skeletons (Vaults:2)
  A moth of wrath (shapeshifter) (Elf:1)
  6 manticores
  A human zombie (Vaults:1)
  2 salamanders (Depths:4)
  11 moths of wrath
  9 elephants
  2 water nymphs
  A guardian serpent (shapeshifter) (Lair:5)
  3 black mambas
  A meliai (D:14)
  A toenail golem (Zot:5)
  2 human skeletons
  A stone giant skeleton (Vaults:1)
  7 merfolk sirens
  A rust devil (Depths:2)
  2 kobold blastminers
  8 vault sentinels
  5 torpor snails
  6 cane toads
  An unseen horror (D:11)
  2 smoke demons (Lair:5)
  An eye of devastation (Slime:5)
  A hellion (Depths:2)
  13 yaktaurs
  4 komodo dragons
  A steelbarb worm zombie (Spider:1)
  A tengu conjurer (D:15)
  2 freezing wraiths
  A demonic crawler zombie (Spider:4)
  2 trolls
  19 merfolk
  11 tarantellas
  A polar bear (Lair:2)
  A hornet (Depths:2)
  3 wind drakes
  2 raiju (Lair:5)
  16 blink frogs
  7 dream sheep
  3 snapping turtles
  3 glass eyes
  41 slime creatures
  A shadow (D:10)
  5 water elementals
  An air elemental (Elf:2)
  5 jumping spiders
  4 wraiths
  A slime creature zombie (Slime:5)
  23 yaks
  6 culicivoras
  2 wyverns
  A human (Bailey)
  3 spriggans
  3 wargs
  An elf zombie (Vaults:2)
  5 basilisks
  3 golden eyes
  2 steam dragons
  4 vampire mosquitoes
  A merfolk zombie (Shoals:1)
  10 small abominations (Lair:5)
  27 redbacks
  7 water moccasins
  An acid dragon (shapeshifter) (Elf:1)
  A glowing shapeshifter skeleton (Depths:2)
  2 laughing skulls (D:15)
  12 orc warriors
  A hornet zombie (Depths:2)
  5 centaurs
  2 ogres
  2 boggarts (D:15)
  3 wolves (Lair:5)
  A torpor snail zombie (Spider:4)
  An earth elemental (Elf:2)
  5 bullfrogs
  2 scorpions
  An electric eel (Lair:5)
  8 orc priests
  A hell rat (Lair:4)
  7 orc wizards
  13 orcs
  A bat (Orc:2)
  An aspiring flesh (Zot:1)
865 creatures vanquished.

Vanquished Creatures (others)
  A fire giant (Depths:3)
  A Killer Klown zombie (Zot:5)
  A stone giant (Depths:1)
  A very ugly thing (Depths:3)
  3 Orb Guardian zombies (Zot:5)
  A spectral efreet (Elf:2)
  An azure jelly zombie (Slime:5)
  A dancing weapon (Elf:1)
  2 quicksilver ooze zombies (Slime:5)
  A spectral centaur (Orc:2)
  A spark wasp zombie (Depths:2)
  2 golden dragon zombies
  A spectral merfolk (Shoals:4)
  A spectral human (Elf:1)
  A deep elf archer (Elf:1)
  5 wolf spider zombies
  2 frost giant zombies (Depths:3)
  2 jorogumo zombies (Spider:4)
  3 stone giant zombies
  8 centaur zombies
  2 spectral rakshasas
  A red draconian zombie (Zot:5)
  2 sea snake zombies
  2 steelbarb worm zombies (Spider:1)
  An orb spider zombie (Spider:4)
  A black draconian zombie (Zot:2)
  A spectral moth of wrath (Spider:2)
  18 redback zombies
  7 human zombies
  2 moth of wrath zombies (Zot:1)
  A great orb of eyes zombie (Vaults:1)
  A merfolk (Shoals:1)
  2 hydra zombies
  A demonic crawler zombie (Spider:2)
  A sun moth zombie (Spider:2)
  An ettin zombie (Depths:4)
  6 tarantella zombies
  A jumping spider zombie (Spider:2)
  A boulder beetle zombie (Spider:2)
  2 fire dragon zombies
  2 culicivora zombies (Spider:4)
  An ice dragon zombie (Depths:3)
  3 meliai zombies (D:14)
  2 radroach zombies (Spider:1)
  A wind drake zombie (Shoals:4)
  3 black mamba zombies
  8 slime creature zombies
  A spectral orange demon (D:11)
  15 deep troll zombies
  27 elf zombies
  A fire bat zombie (D:11)
  A demonspawn zombie (Orc:2)
  A skyshark zombie (Shoals:2)
  An entropy weaver zombie (Spider:2)
  2 faun zombies (Shoals:4)
  A cane toad zombie (Lair:4)
  3 hornet zombies
  2 spectral smoke demons
  4 merfolk zombies
  A lindwurm zombie (Vaults:2)
  A dream sheep zombie (Lair:5)
  4 elephant zombies
  5 blink frog zombies
  2 torpor snail zombies (Spider:4)
  4 kobold zombies
  A spectral ynoxinul (Lair:5)
  A cyclops zombie (D:13)
  3 wyvern zombies
  8 yaktaur zombies
  A hell hound zombie (Elf:1)
  A glowing shapeshifter simulacrum (Depths:2)
  3 water moccasin zombies (Lair:1)
  A polar bear zombie (Lair:4)
  3 spriggan zombies
  A troll zombie (D:9)
  3 raiju zombies (Lair:5)
  7 yak zombies
  A wolf zombie (Lair:5)
  4 bullfrog zombies
  2 basilisk zombies (Lair:5)
  2 boggart zombies (D:15)
  2 ogre zombies
  A hell rat zombie (Lair:4)
  29 orc zombies
  A gnoll zombie (Bailey)
  44 fire vortices
  2 spectral weapons
  4 tentacles (Shoals:2)
314 creatures vanquished.

Grand Total: 2383 creatures vanquished

Notes
Turn   | Place    | Note
-------+----------+-------------------------------------------
     0 | D:1      | Monkooky the Mummy Alchemist began the quest for the Orb.
     0 | D:1      | Reached XP level 1. HP: 13/13 MP: 4/4
   246 | D:1      | Reached XP level 2. HP: 19/19 MP: 2/5
   691 | D:1      | Found a faded altar of an unknown god.
  1159 | D:1      | Learned a level 2 spell: Mercury Vapours
  1285 | D:2      | Reached XP level 3. HP: 24/24 MP: 5/7
  1311 | D:2      | Learned a level 3 spell: Mephitic Cloud
  1383 | D:2      | Reached skill level 3 in Spellcasting
  1940 | D:2      | Reached XP level 4. HP: 30/30 MP: 7/9
  2516 | D:3      | Learned a level 4 spell: Olgreb's Toxic Radiance
  2602 | D:3      | Reached skill level 1 in Conjurations
  2705 | D:3      | Noticed Jessica
  2712 | D:3      | Killed Jessica
  2713 | D:3      | Reached skill level 4 in Spellcasting
  2713 | D:3      | Reached XP level 5. HP: 35/35 MP: 3/11
  3496 | D:4      | Noticed Natasha
  3500 | D:4      | Killed Natasha
  3536 | D:4      | Reached XP level 6. HP: 24/41 MP: 2/13
  3631 | D:4      | Reached skill level 5 in Spellcasting
  3810 | D:4      | Found a glowing drain.
  3816 | Sewer    | Entered a sewer
  3993 | Sewer    | Reached skill level 5 in Alchemy
  4069 | Sewer    | Reached skill level 6 in Spellcasting
  4069 | Sewer    | Reached XP level 7. HP: 22/46 MP: 1/16
  4762 | Sewer    | Reached skill level 7 in Spellcasting
  5273 | D:4      | Noticed Natasha
  5279 | D:4      | Killed Natasha
  5285 | D:4      | Learned a level 4 spell: Sticky Flame
  5554 | D:4      | Reached skill level 1 in Fire Magic
  5952 | D:4      | Found Inacuu's Distillery.
  5969 | D:4      | Noticed Natasha
  5975 | D:4      | Killed Natasha
  5976 | D:4      | Reached XP level 8. HP: 52/52 MP: 4/18
  6084 | D:5      | Entered Level 5 of the Dungeon
  6346 | D:5      | Learned a level 5 spell: Yara's Violent Unravelling
  6953 | D:5      | You fall into a shaft and drop 1 floor!
  6977 | D:6      | Noticed Prince Ribbit
  6978 | D:6      | Identified the +6 scale mail of Cuawn {Dex+7}
  7600 | D:5      | Reached skill level 8 in Spellcasting
  7685 | D:5      | Reached XP level 9. HP: 37/57 MP: 16/21
  8010 | D:6      | Killed Prince Ribbit
  8180 | D:6      | Found a bloodstained altar of Trog.
  8268 | D:6      | Found an ancient bone altar of Kikubaaqudgha.
  8271 | D:6      | Found a shimmering blue altar of Sif Muna.
  8274 | D:6      | Found a radiant altar of Vehumet.
  8278 | D:6      | Got Vehumet's Guidebook on Fulmination
  8342 | D:6      | Noticed a manticore
  8349 | D:6      | Reached skill level 5 in Fire Magic
  8473 | D:6      | Killed a manticore
  8719 | D:6      | Found a runed translucent door.
  8720 | D:6      | Noticed Crazy Yiuf
  8882 | D:6      | Killed Crazy Yiuf
  9126 | D:7      | Reached skill level 1 in Hexes
  9212 | D:7      | Reached skill level 9 in Spellcasting
  9526 | D:7      | Got Quank's Cyclopedia of Bolts and the Brume
  9541 | D:7      | Learned a level 5 spell: Fireball
  9551 | D:7      | Found a staircase to the Ecumenical Temple.
  9558 | Temple   | Found a transporter.
  9558 | Temple   | Found a transporter.
  9558 | Temple   | Found a transporter.
  9558 | Temple   | Found a transporter.
  9558 | Temple   | Entered the Ecumenical Temple
  9578 | Temple   | Became a worshipper of Yredelemnul the Fallen
  9853 | D:7      | Found a runed translucent gate.
  9853 | D:7      | Found a runed translucent gate.
  9853 | D:7      | Found a runed translucent gate.
  9858 | D:7      | Noticed jfitz's ghost (novice MiBe)
 10655 | D:8      | Found a blossoming altar of Fedhas.
 10688 | D:8      | Reached XP level 10. HP: 63/63 MP: 14/23
 11345 | D:8      | Found the +3 pair of gauntlets of War {Slay+5}
 11346 | D:8      | Noticed an arcanist
 11354 | D:8      | Killed an arcanist
 11355 | D:8      | Reached skill level 5 in Conjurations
 11800 | D:9      | Reached * piety under Yredelemnul
 12083 | D:9      | Found a sacrificial altar of Ru.
 12111 | D:9      | Reached skill level 10 in Spellcasting
 12403 | D:9      | Identified the +6 falchion "Extilu" {freeze, rC+ rN+ rCorr
                  | Str+3}
 12783 | D:9      | Reached ** piety under Yredelemnul
 13084 | D:10     | Entered Level 10 of the Dungeon
 13146 | D:10     | Found an opulent altar of Gozag.
 13146 | D:10     | Found a shadowy altar of Dithmenos.
 13147 | D:10     | Found a burning altar of Makhleb.
 13147 | D:10     | Found a broken altar of Ashenzari.
 13147 | D:10     | Found a stormy altar of Qazlal.
 13292 | D:10     | Found a flagged portal.
 13322 | Bailey   | Entered a bailey
 13332 | Bailey   | Reached XP level 11. HP: 65/68 MP: 12/25
 13372 | Bailey   | Noticed a vault guard
 13381 | Bailey   | Killed a vault guard
 13504 | Bailey   | Noticed a vault guard
 13511 | Bailey   | Killed a vault guard
 13512 | Bailey   | Reached skill level 11 in Spellcasting
 14216 | D:10     | Reached *** piety under Yredelemnul
 14378 | D:10     | Noticed a two-headed ogre
 14389 | D:10     | Killed a two-headed ogre
 14896 | D:11     | Reached skill level 12 in Spellcasting
 15219 | D:11     | Reached skill level 1 in Air Magic
 15270 | D:11     | Reached skill level 1 in Ice Magic
 15338 | D:11     | Found a staircase to the Lair.
 15345 | D:11     | Learned a level 5 spell: Freezing Cloud
 15523 | D:11     | Found a shimmering altar of Xom.
 15679 | D:11     | Found Sonishra's Tremendous Tomes.
 15758 | D:11     | Noticed a boulder beetle
 15768 | D:11     | Killed a boulder beetle
 15769 | D:11     | Reached XP level 12. HP: 74/74 MP: 8/28
 15956 | D:11     | Noticed a boulder beetle
 15965 | D:11     | Killed a boulder beetle
 16431 | Lair:1   | Entered Level 1 of the Lair of Beasts
 16436 | Lair:1   | Reached skill level 1 in Fighting
 16582 | Lair:1   | Noticed Gastronok
 16585 | Lair:1   | Reached **** piety under Yredelemnul
 16821 | Lair:1   | Noticed Nergalle
 16829 | Lair:1   | Killed Nergalle
 16931 | Lair:1   | Killed Gastronok
 16932 | Lair:1   | Reached skill level 5 in Hexes
 17200 | Lair:1   | Reached skill level 1 in Invocations
 17284 | Lair:1   | Noticed a five-headed hydra
 17292 | Lair:1   | Killed a five-headed hydra
 17609 | Lair:2   | Noticed a seven-headed hydra
 17617 | Lair:2   | Killed a seven-headed hydra
 17621 | Lair:2   | Reached skill level 5 in Invocations
 17795 | Lair:2   | Gained mutation: You are strongly in touch with the powers
                  | of death. [Mummy growth]
 17795 | Lair:2   | Reached XP level 13. HP: 88/88 MP: 17/29
 17799 | Lair:2   | Reached ***** piety under Yredelemnul
 18082 | Lair:2   | Found a hole to the Spider Nest.
 18674 | Lair:2   | Found a staircase to the Shoals.
 19232 | Lair:3   | Reached skill level 10 in Invocations
 20388 | Lair:4   | Found a staircase to the Slime Pits.
 20390 | Lair:4   | Found a viscous altar of Jiyva.
 20408 | Lair:4   | Reached ****** piety under Yredelemnul
 20721 | Lair:4   | Reached XP level 14. HP: 95/95 MP: 25/30
 21012 | Lair:4   | Found a bloodstained altar of Trog.
 21689 | Lair:5   | Entered Level 5 of the Lair of Beasts
 21696 | Lair:5   | Reached skill level 1 in Armour
 21728 | Lair:5   | Reached skill level 5 in Fighting
 22333 | Lair:5   | Reached skill level 1 in Evocations
 22826 | Lair:5   | Reached skill level 5 in Evocations
 23295 | Lair:5   | Found a one-way gate to the infinite horrors of the Abyss.
 23308 | Lair:5   | Found a corrupted altar of Lugonu.
 24067 | D:12     | Noticed Nessos
 24067 | D:12     | Noticed Erolcha
 24075 | D:12     | Killed Erolcha
 24076 | D:12     | Killed Nessos
 24076 | D:12     | Bound Nessos
 24224 | D:12     | Found a staircase to the Orcish Mines.
 24368 | D:12     | Noticed Sonja
 24373 | D:12     | Killed Sonja
 24374 | D:12     | Reached skill level 13 in Spellcasting
 24545 | D:12     | Reached XP level 15. HP: 98/105 MP: 19/32
 24708 | D:12     | Found a roughly hewn altar of Beogh.
 24849 | Orc:1    | Entered Level 1 of the Orcish Mines
 24852 | Orc:1    | Found a roughly hewn altar of Beogh.
 25389 | Orc:2    | Entered Level 2 of the Orcish Mines
 25541 | Orc:2    | Found a staircase to the Elven Halls.
 25962 | Orc:2    | Found Zaewe's General Store.
 25965 | Orc:2    | Found Sivuv's General Store.
 26484 | Orc:2    | Bought a +1 helmet of see invisible for 214 gold pieces
 26484 | Orc:2    | Bought the +2 pair of boots of the Morning {rElec Int+4
                  | Slay-6} for 188 gold pieces
 26484 | Orc:2    | Bought a scroll of silence for 123 gold pieces
 26531 | Orc:2    | Your ally Nessos died
 26942 | Orc:2    | Reached skill level 14 in Spellcasting
 26960 | Orc:2    | Reached skill level 10 in Fire Magic
 27088 | Orc:2    | Found Bymi's Antique Armour Shoppe.
 27088 | Orc:2    | Found Attifos's Jewellery Emporium.
 27089 | Orc:2    | Found a one-way gate leading to the halls of Pandemonium.
 27195 | D:11     | Bought the Precepts of the Cemetery and Ignition for 1530
                  | gold pieces
 27204 | D:11     | Learned a level 8 spell: Ignition
 27209 | D:11     | Learned a level 4 spell: Martyr's Knell
 28313 | D:13     | Found a gate to the Vaults.
 28688 | D:14     | Identified the +6 whip of the Slime-mould {pain, ^Contam
                  | rPois Str+9 Dex-4}
 29092 | D:14     | Reached skill level 5 in Ice Magic
 29857 | Elf:1    | Entered Level 1 of the Elven Halls
 29880 | Elf:1    | Reached skill level 15 in Spellcasting
 30027 | Elf:1    | Found a runed translucent door.
 30027 | Elf:1    | Found a shimmering altar of Xom.
 30027 | Elf:1    | Noticed jboons's ghost (adept DrEE)
 30166 | Elf:1    | Reached XP level 16. HP: 67/111 MP: 9/35
 30305 | Elf:1    | Learned a level 6 spell: Sculpt Simulacrum
 31568 | Elf:1    | Found Getihur's Magic Scroll Shoppe.
 31579 | Elf:1    | Bought a scroll of teleportation for 42 gold pieces
 31602 | Elf:1    | Noticed Azrael
 31662 | Elf:1    | Killed Azrael
 31662 | Elf:1    | Bound Azrael
 32237 | Elf:2    | Reached skill level 16 in Spellcasting
 32438 | Elf:2    | Found Xevacar's Armour Emporium.
 32534 | Elf:2    | Your ally Azrael died
 33030 | Elf:2    | Found a runed translucent gate.
 33030 | Elf:2    | Found a runed translucent gate.
 33030 | Elf:2    | Found a runed translucent gate.
 33211 | Elf:2    | Found Xeusios's Antique Weapon Emporium.
 33212 | Elf:2    | Found Jimiel's Jewellery Boutique.
 33442 | Elf:3    | Entered Level 3 of the Elven Halls
 33580 | Elf:3    | Learned a level 4 spell: Dispel Undead
 33932 | Elf:3    | Upgraded the game from 0.32-a0-329-ge6c31236d6 to
                  | 0.32-a0-350-g4f4d228785
 33959 | Elf:3    | Found a shimmering blue altar of Sif Muna.
 34292 | Elf:3    | Reached skill level 17 in Spellcasting
 34297 | Elf:3    | Noticed a deep elf blademaster
 34298 | Elf:3    | Noticed a Tzitzimitl
 34298 | Elf:3    | Noticed a deep elf blademaster
 34543 | Elf:3    | Found Kuodgh's Jewellery Emporium.
 34544 | Elf:3    | Found Ruxtic's Book Shop.
 34545 | Elf:3    | Found Jokanias's Jewellery Emporium.
 35047 | Elf:3    | Identified the +0 robe of the Tsukumogami {Stlth+}
 35054 | Elf:3    | Identified the +4 hand axe of Defence {holy, rF+ MP+9 Str+3
                  | Int+2 Dex+2}
 35073 | Elf:3    | Noticed a deep elf master archer
 35093 | Elf:3    | Killed a deep elf master archer
 35283 | Elf:3    | Identified the ring of Naucannoe {Fire Int+3}
 35289 | Elf:3    | Noticed a Tzitzimitl
 35291 | Elf:3    | Identified the ring "Gunegyax" {rPois Dex+3}
 35294 | Elf:3    | Noticed an Executioner
 35298 | Elf:3    | Killed a deep elf blademaster
 35299 | Elf:3    | Reached skill level 18 in Spellcasting
 35299 | Elf:3    | Reached XP level 17. HP: 110/117 MP: 2/39
 35301 | Elf:3    | Identified the +6 broad axe "Peor" {freeze, rPois rCorr
                  | Int+3} (You took it off a deep elf sorcerer on level 3 of
                  | the Elven Halls)
 35306 | Elf:3    | Identified the +3 spear of Fufymporr {protect, rF+ Int+2}
 35306 | Elf:3    | Noticed a deep elf master archer
 35556 | Elf:3    | Killed a deep elf blademaster
 36208 | Elf:3    | Killed a deep elf master archer
 36367 | Elf:3    | Got the Octavo of Maleficia
 36386 | Elf:3    | Identified the +3 mace of Destruction {heavy, rElec rC+++
                  | Dex-4}
 36663 | D:15     | Entered Level 15 of the Dungeon
 36676 | D:15     | Found Norroa's Antique Weapon Shop.
 36723 | D:15     | Noticed Agnes
 36731 | D:15     | Killed Agnes
 36776 | D:15     | Found a staircase to the Depths.
 37498 | Spider:1 | Entered Level 1 of the Spider Nest
 38494 | Spider:2 | Reached skill level 15 in Fire Magic
 39027 | Spider:2 | Identified the +4 chain mail of the Chimera {rC- Slay+6}
 39073 | Spider:2 | Identified the orb "Mass" {light, Str-4 Dex+4}
 39240 | Spider:2 | Reached XP level 18. HP: 93/123 MP: 28/40
 39727 | Spider:3 | Noticed Arachne
 39735 | Spider:3 | Killed Arachne
 39735 | Spider:3 | Bound Arachne
 40586 | Spider:4 | Entered Level 4 of the Spider Nest
 40604 | Spider:4 | Noticed Asterion
 40611 | Spider:4 | Killed Asterion
 40611 | Spider:4 | Bound Asterion
 40700 | Spider:4 | Upgraded the game from 0.32-a0-350-g4f4d228785 to
                  | 0.32-a0-361-g289a535e89
 41021 | Spider:4 | Found a hide-covered altar of Uskayaw.
 41711 | Spider:4 | Got a gossamer rune of Zot
 41924 | Shoals:1 | Entered Level 1 of the Shoals
 41924 | Shoals:1 | Noticed Jorgrun
 41933 | Shoals:1 | Killed Jorgrun
 42394 | Shoals:1 | Noticed Donald
 42403 | Shoals:1 | Killed Donald
 42625 | Shoals:1 | Found a large runed translucent door.
 42625 | Shoals:1 | Found a large runed translucent door.
 42627 | Shoals:1 | Noticed Ygem's ghost (journeyman DsFE)
 42644 | Shoals:1 | Killed Ygem's ghost
 42861 | Shoals:2 | Reached XP level 19. HP: 128/128 MP: 39/41
 42882 | Shoals:2 | Identified the +1 cloak of Light {+Blink rF+ Str+3 Stlth+}
 42926 | Shoals:2 | Found Xygrymp's Armour Shop.
 43144 | Shoals:2 | Found Fuzagyaz's Book Shop.
 43257 | Shoals:2 | Reached skill level 19 in Spellcasting
 43575 | Shoals:2 | Found Caxki's Armour Boutique.
 44191 | Shoals:4 | Entered Level 4 of the Shoals
 44252 | Shoals:4 | Reached skill level 20 in Spellcasting
 45000 | Shoals:4 | Found a runed translucent gate.
 45000 | Shoals:4 | Found a runed translucent gate.
 45000 | Shoals:4 | Found a runed translucent gate.
 45000 | Shoals:4 | Noticed yleetSyT's ghost (adept NaFi)
 45135 | Shoals:4 | Got an azure gem with 0 turns to spare
 45137 | Shoals:4 | Got a barnacled rune of Zot
 45312 | Shoals:4 | Killed yleetSyT's ghost
 45574 | Shoals:4 | Found Bill's Magic Scroll Boutique.
 45589 | Shoals:4 | Bought a scroll of enchant armour for 135 gold pieces
 45589 | Shoals:4 | Bought a scroll of butterflies for 72 gold pieces
 45589 | Shoals:4 | Bought a scroll of poison for 72 gold pieces
 45589 | Shoals:4 | Bought a scroll of vulnerability for 72 gold pieces
 45589 | Shoals:4 | Bought a scroll of poison for 72 gold pieces
 45589 | Shoals:4 | Bought 3 scrolls of enchant weapon for 405 gold pieces
 45589 | Shoals:4 | Bought a scroll of teleportation for 54 gold pieces
 45589 | Shoals:4 | Bought a scroll of revelation for 135 gold pieces
 45750 | Shoals:4 | Learned a level 5 spell: Lee's Rapid Deconstruction
 46003 | Depths:1 | Entered Level 1 of the Depths
 46007 | Depths:1 | Reached skill level 1 in Earth Magic
 46123 | Depths:1 | Found a one-way gateway to a ziggurat.
 46163 | Depths:1 | HP: 5/133 [stone giant/large rock (12)]
 46177 | Depths:1 | Reached skill level 5 in Earth Magic
 46377 | Depths:1 | Learned a level 4 spell: Passage of Golubria
 46753 | Depths:1 | Found a gateway to Hell.
 46762 | Depths:1 | Identified the +10 plate armour of Foolhardiness {*Corrode
                  | +Blink rC+++}
 47210 | Slime:1  | Entered Level 1 of the Pits of Slime
 47265 | Slime:3  | Reached XP level 20. HP: 141/143 MP: 28/44
 47408 | Slime:3  | Found a viscous altar of Jiyva.
 47483 | Slime:5  | Entered Level 5 of the Pits of Slime
 47490 | Slime:5  | Reached skill level 10 in Fighting
 47584 | Slime:5  | Noticed the Royal Jelly
 47587 | Slime:5  | Killed the Royal Jelly
 47846 | Slime:5  | Identified the +5 shortbow "Miorit" {flame, Will- Int+4
                  | Dex+3 Stlth+}
 47854 | Slime:5  | Got a slimy rune of Zot
 47868 | Slime:5  | Identified the ring "Jediell" {MP+9 Dex+4}
 47939 | Slime:5  | Identified the staff of Painful Death {rN+ Hexes Necro
                  | Alchemy}
 47971 | Slime:5  | Identified the +8 mace of Valiance {distort, rF- Int+4
                  | Dex+4}
 48222 | Slime:5  | Reached skill level 1 in Necromancy
 49418 | Depths:2 | Reached skill level 5 in Necromancy
 50759 | Depths:2 | Reached XP level 21. HP: 138/160 MP: 27/45
 51139 | Depths:2 | Reached skill level 10 in Conjurations
 51356 | D:11     | Bought the Disquisition on Searing Formulae for 1530 gold
                  | pieces
 51366 | D:11     | Learned a level 9 spell: Fire Storm
 51441 | Vaults:1 | Entered Level 1 of the Vaults
 51595 | Vaults:1 | Noticed Zenata
 51601 | Vaults:1 | Killed Zenata
 51601 | Vaults:1 | Bound Zenata
 51654 | Vaults:1 | Upgraded the game from 0.32-a0-361-g289a535e89 to
                  | 0.32-a0-391-gce5c0aab1b
 51687 | Vaults:1 | Noticed Norris
 51691 | Vaults:1 | Killed Norris
 52117 | Vaults:1 | Found Gasyj's Armour Boutique.
 52907 | Vaults:1 | Found the +5 glaive of the Guard {elec, spectral}
 52919 | Vaults:1 | Your ally Norris died
 54118 | Vaults:2 | Reached XP level 22. HP: 155/167 MP: 9/46
 54279 | Vaults:2 | Reached skill level 15 in Conjurations
 54570 | Vaults:2 | Found a staircase to the Crypt.
 55459 | Vaults:3 | Found Ceocot's Jewellery Shop.
 56116 | Vaults:3 | Reached skill level 21 in Spellcasting
 56747 | Depths:3 | Paralysed by a Zot trap for 3 turns
 56821 | Depths:3 | Noticed a golden dragon
 56824 | Depths:3 | Killed a golden dragon
 57660 | Depths:3 | Identified the +0 robe of Qetau {rElec rPois}
 58857 | Depths:4 | Entered Level 4 of the Depths
 58857 | Depths:4 | Found Tyqaaguoh's Antique Armour Boutique.
 58857 | Depths:4 | Found Bubol's Jewellery Emporium.
 58859 | Depths:4 | Found a flickering gateway to a bazaar.
 58869 | Depths:4 | Noticed a golden dragon
 58878 | Depths:4 | Killed a golden dragon
 58882 | Depths:4 | Reached XP level 23. HP: 139/173 MP: 22/48
 59112 | Depths:4 | Found a gate to the Realm of Zot.
 59184 | Depths:4 | Reached skill level 22 in Spellcasting
 59244 | Depths:4 | Found Tusuh's Assorted Antiques.
 59323 | Bazaar   | Entered a bazaar
 59332 | Bazaar   | Found Vemomioj's Jewellery Shop.
 59332 | Bazaar   | Found Miona's Book Boutique.
 59380 | Depths:4 | Bought a warped scarf for 410 gold pieces
 59380 | Depths:4 | Identified the scarf "Liwuijiw" {repulsion, *Corrode rC+++
                  | Str+2 SInv} (You bought it in a shop on level 4 of the
                  | Depths)
 60226 | Depths:4 | Bought a faintly glowing ring mail for 297 gold pieces
 60226 | Depths:4 | Identified the +5 ring mail of Ethics {rN+ Regen+ Dex-2}
                  | (You bought it in a shop on level 4 of the Depths)
 60448 | Depths:4 | Found Urin's Weapon Boutique.
 60889 | Zot:1    | Entered Level 1 of the Realm of Zot
 61277 | Zot:1    | Noticed Parghit
 61280 | Zot:1    | Killed Parghit
 61513 | Zot:1    | Learned a level 7 spell: Haunt
 62609 | Zot:2    | Noticed Vv
 62615 | Zot:2    | Killed Vv
 63508 | Zot:3    | Noticed a curse toe
 63510 | Zot:3    | Noticed a curse toe
 63517 | Zot:3    | Killed a curse toe
 63521 | Zot:3    | Killed a curse toe
 63700 | Zot:4    | Found Yssoac's CLEARANCE SALE!.
 63704 | Zot:4    | Bought a scroll of immolation for 24 gold pieces
 63813 | Zot:5    | Entered Level 5 of the Realm of Zot
 63841 | Zot:5    | Reached XP level 24. HP: 168/185 MP: 36/49
 63904 | Zot:5    | Noticed a Killer Klown
 63913 | Zot:5    | Killed a Killer Klown
 64210 | Zot:5    | Noticed a dread lich
 64212 | Zot:5    | Reached skill level 15 in Fighting
 64215 | Zot:5    | Killed a dread lich
 64363 | Zot:5    | Noticed a Killer Klown
 64368 | Zot:5    | Killed a Killer Klown
 64370 | Zot:5    | Noticed an ancient lich
 64379 | Zot:5    | Killed an ancient lich
 64420 | Zot:5    | Noticed a dread lich
 64427 | Zot:5    | Killed a dread lich
 64549 | Zot:5    | Noticed a dread lich
 64554 | Zot:5    | Noticed a Killer Klown
 64555 | Zot:5    | Killed a dread lich
 64556 | Zot:5    | Noticed a dread lich
 64559 | Zot:5    | Killed a Killer Klown
 64559 | Zot:5    | Noticed an ancient lich
 64563 | Zot:5    | Noticed a Killer Klown
 64563 | Zot:5    | Killed a dread lich
 64564 | Zot:5    | Killed an ancient lich
 64565 | Zot:5    | Noticed an orb of fire
 64669 | Zot:5    | Killed a Killer Klown
 64676 | Zot:5    | Killed an orb of fire
 64832 | Zot:5    | Identified the +0 scale mail of Restlessness {Will++
                  | Stlth-}
 64875 | Zot:5    | Reached skill level 23 in Spellcasting
 64936 | Zot:5    | Got the Orb of Zot
 65415 | D:11     | Noticed Qatzunuw the pandemonium lord
 65687 | D:1      | Noticed Bukij the pandemonium lord
 65693 | D:$      | Escaped with the Orb!

Illustrated notes

Levels and vault maps discovered:
D:1:      lightli_arrival_chessboard, layout_basic,
          ebering_ecumenical_altar_petrified, minmay_statues_item
D:2:      layout_basic, minmay_rat_gold_closets
D:3:      layout_basic, uniq_jessica
D:4:      layout_cave_pods, gup_sewer_entry_spiral, serial_shops, shop,
          grunt_decor_junction, uniq_natasha
D:5:      minmay_chambers_of_threes, layout_loops_corners
D:6:      layout_cave_pools, grunt_temple_overflow_magic_moments, trog_book,
          uniq_crazy_yiuf_cottage, uniq_prince_ribbit1
D:7:      layout_layer_cave, minmay_temple_entry_arrows,
          gammafunk_ghost_nasty_kobolds
D:8:      cheibrodos_wizards_tower, layout_cave_pods, fedhas_altar_1
D:9:      layout_loops_ring, nicolae_ru_awakened_eye, kennysheep_minor_cross,
          minmay_quadrilaterals
D:10:     minmay_spotlight, layout_basic, grunt_temple_overflow_open,
          enter_bailey_3
D:11:     layout_long_grid, lair_entry_dummy, minmay_misc_feat_cross,
          nicolae_shop_i_like_big_books, regret_index_xom_of_box
D:12:     layout_rooms, orc_0_dummy, special_room [special_room_orc],
          fungi_pond_lemuel, uniq_nessos, uniq_sonja, uniq_erolcha
D:13:     layout_irregular_city, erik_vaults_1
D:14:     layout_loops_cross, infiniplex_staircase_spiral,
          grunt_decor_mini_mirrors
D:15:     hellmonk_depths_entry_around_the_bend, layout_rooms, serial_shops,
          shop_statue, uniq_agnes
Temple:   hellmonk_temple_divided_pantheon
Lair:1:   layout_gridlike, uniq_nergalle, uniq_gastronok
Lair:2:   layout_long_grid, mainiacjoe_shoals_entry_four_pools,
          nicolae_spider_entry_lesser_pyramids, serial_bayou_pond_b
Lair:3:   layout_chaotic_city, serial_bayou_shore_b, grunt_megastairs_4
Lair:4:   layout_loops_ring, slime_entry_1, basic_altar, roderic_carrion_pond,
          pdpol_lair_cavern_descent
Lair:5:   hellmonk_lair_end_abyssal_woods, layout_cave_pods,
          hibernation_bobbens, lemuel_fruit_tree, grunt_megastairs_2,
          infiniplex_staircase_pool
Shoals:1: nicolae_shoals_aurelia_aurita, layout_shoals,
          ebering_ghost_disaster_area, st_sunken_huts, uniq_jorgrun, uniq_donald
Shoals:2: layout_shoals, serial_shops, nicolae_shop_advertising_works
          [nicolae_subvault_shop_adworks], nicolae_shop_pleasant_corner_grove,
          nicolae_stop_n_shop_2
Shoals:3: layout_shoals, st_cyclops
Shoals:4: shoals_end_grunt_garden, layout_shoals, serial_shops, shop,
          ebering_ghost_rock_garden
Spider:1: layout_spider_delve
Spider:2: layout_cave_pods, spiders_nest_spider_trap
Spider:3: layout_spider_delve, uniq_arachne
Spider:4: spider_rune_water, nicolae_spider_altar_of_dancing, uniq_asterion
Slime:1:  layout_caves
Slime:2:  layout_caves, nicolae_slime_getting_an_eyeful
Slime:3:  layout_caves, basic_altar
Slime:4:  layout_caves
Slime:5:  slime_pit_nicolae_block_by_block
Orc:1:    layout_caves, basic_altar, nicolae_orc_takin'_care_of_business
Orc:2:    pf_orc_diabolical, layout_caves, blackcustard_mines_bat_river
Elf:1:    nicolae_elf_arrival_fired_up, layout_onion_city, serial_shops,
          nicolae_shop_waterfront, ebering_ghost_xom,
          nicolae_elf_shapeshifter_party, uniq_azrael
Elf:2:    elven_hall_of_blades_hangedman_original
          [nicolae_blade_entry_hurt_lockers], layout_loops_cross, serial_shops,
          nicolae_shop_statue_plus, nicolae_wooded_promenade, uniq_aizul
Elf:3:    elf_hall, layout_geoelf_octagon, basic_altar, minmay_shop_grove
Vaults:1: vaults_standard_mumra_lines, v_misc_17, vaults_mumra_chevron_long,
          minmay_guarded_unrand_guard, nicolae_vaults_storage_room_doors,
          hangedman_vaults_impose, nicolae_vaults_trapezoid_lopsided_3,
          nicolae_vaults_more_shelving_1,
          nicolae_vaults_taking_the_gang_shopping, v_misc_25,
          nicolae_vaults_alarming, nicolae_vaults_apartment_1,
          layout_vaults_big_cross, uniq_norris, uniq_zenata
Vaults:2: ontoclasm_vaults_chip, v_rooms_6, hangedman_vaults_capsules,
          nicolae_vaults_whirlpool_walls, vaults_room_boxed,
          nicolae_vaults_sealed_display, nicolae_vaults_angled_halls,
          vaults_dpeg_spiral, nicolae_vaults_double_plus_1,
          minmay_crypt_entry_simple_sparse, nicolae_vaults_oval_intersection,
          nicolae_vaults_angled_halls, nicolae_vaults_closet_pinwheel_4,
          layout_vaults_omnigrid
Vaults:3: ontoclasm_vaults_fault, nicolae_vaults_angled_halls,
          vaults_mumra_hexcomb, ontoclasm_vaults_ring_small,
          vaults_mumra_minichess, ontoclasm_vaults_misaligned,
          ontoclasm_vaults_shuriken, nicolae_vaults_yaktaur_gun_rack,
          layout_vaults_big_room, serial_shops, nicolae_shop_gaudy_bauble
Depths:1: layout_cave_shapes, enter_ziggurat_e, lightli_too_deep,
          abandoned_shop, nicolae_houndstooth_variations, serial_bayou_shore_b
Depths:2: dreamdust_isle_of_ice, layout_gridlike, kennysheep_flooded_box,
          rand_demon_pan_entry_1, hell_entry, serial_bayou_pond_b,
          lemuel_flamethrower_1
Depths:3: nzn_winding_woodlands_stair_trap [nzn_winding_woodlands_5x15_eye,
          nzn_winding_woodlands_5x15_crooked,
          nzn_winding_woodlands_5x15_sawtooth,
          nzn_winding_woodlands_15x15_thick_spiral,
          nzn_winding_woodlands_5x15_sidewinder,
          nzn_winding_woodlands_5x15_pool,
          nzn_winding_woodlands_5x15_longhouse], layout_cave_shapes, hell_entry,
          abyss_entry_crystal, serial_library_hellmonk_u_bend,
          grunt_pan_entry_spiral, infiniplex_staircase_pool_2
Depths:4: grunt_zot_entry_gee_three, layout_long_grid, serial_shops,
          bzr_in_the_mist, nicolae_shop_real_fake_doors, shop,
          nicolae_shop_hallway_plus, shop, pf_hell_entry_tar_spiral,
          kennysheep_pointless_box, lemuel_freeze_loot_1
Zot:1:    layout_onion, regret_index_zotdec_zees, grunt_megastairs_5,
          uniq_parghit
Zot:2:    layout_misc_corridors, uniq_vv
Zot:3:    kennysheep_room_grid, layout_misc_corridors,
          regret_index_zotdec_fiery_em, uniq_josephina
Zot:4:    layout_concentric_octagons, skrybe_zot_glass_2, nicolae_shop_clearance
Zot:5:    layout_misc_corridors

Skill      XL: |  1  2  3  4  5  6  7  8  9 10 11 12 13 14 15 16 17 18 19 20 21 22 23 24 |
---------------+-------------------------------------------------------------------------+-----
Alchemy        | 3 4 5 6 8 |  8.1
Spellcasting   | 3 4 6 7 8 9 10 12 13 15 18 20 21 22 23 | 23.1
Conjurations   | 1 3 6 7 9 14 16 18 | 18.9
Fire Magic     | 2 4 5 6 8 10 12 15 18 19 | 19.8
Hexes          | 2 5 |  5.1
Air Magic      | 2 3 |  3.1
Ice Magic      | 2 5 |  5.0
Fighting       | 4 5 8 12 14 16 | 16.0
Invocations    | 6 12 13 | 13.0
Armour         | 3 4 |  4.0
Evocations     | 6 |  6.0
Dodging        | 2 |  2.9
Earth Magic    | 5 |  5.5
Necromancy     | 6 |  6.8
Stealth        | |  1.5

Action                     |  1- 3 |  4- 6 |  7- 9 | 10-12 | 13-15 | 16-18 | 19-21 | 22-24 || total
---------------------------+-------+-------+-------+-------+-------+-------+-------+-------++-------
  Melee: Unarmed           |     5 |       |       |       |       |       |       |       ||     5
         Dagger            |       |       |    47 |    29 |       |       |       |       ||    76
         Falchion          |       |       |       |   101 |   229 |    85 |     9 |       ||   424
         Spear             |       |       |       |       |       |   172 |    44 |       ||   216
         Staff             |       |       |       |       |       |       |    20 |    41 ||    61
   Fire: Sling             |    23 |    88 |    73 |       |       |       |       |       ||   184
   Cast: Sting             |    47 |    66 |    78 |       |       |       |       |       ||   191
         Olgreb's Toxic Ra |       |    11 |    40 |    63 |   125 |   171 |    83 |     9 ||   502
         Mephitic Cloud    |       |     1 |     8 |    15 |    18 |     8 |       |       ||    50
         Sticky Flame      |       |       |    22 |    49 |    70 |    53 |     6 |       ||   200
         Fireball          |       |       |       |     7 |    14 |     7 |    45 |    69 ||   142
         Freezing Cloud    |       |       |       |     6 |    12 |    15 |    10 |    14 ||    57
         Yara's Violent Un |       |       |       |       |    10 |    36 |    17 |    14 ||    77
         Martyr's Knell    |       |       |       |       |     5 |    40 |    24 |    52 ||   121
         Ignition          |       |       |       |       |       |    29 |    95 |    49 ||   173
         Sculpt Simulacrum |       |       |       |       |       |     3 |       |     5 ||     8
         Dispel Undead     |       |       |       |       |       |     1 |     3 |    15 ||    19
         Lee's Rapid Decon |       |       |       |       |       |       |    30 |     5 ||    35
         Fire Storm        |       |       |       |       |       |       |       |    56 ||    56
 Invoke: Light the Black T |       |       |     2 |     6 |     9 |     9 |    10 |     5 ||    41
         Recall Undead Har |       |       |       |     1 |     7 |     7 |    19 |    27 ||    61
         Hurl Torchlight   |       |       |       |     1 |     2 |     5 |       |     1 ||     9
         Bind Soul         |       |       |       |       |     3 |     4 |     1 |       ||     8
         Fathomless Shackl |       |       |       |       |     2 |     1 |     2 |     1 ||     6
  Evoke: Wand              |       |       |     4 |     6 |    10 |     5 |     2 |     8 ||    35
         Lightning rod     |       |       |       |       |     7 |    10 |     5 |       ||    22
         Phial of floods   |       |       |       |       |     1 |     1 |       |       ||     2
         Phantom mirror    |       |       |       |       |       |       |     2 |     1 ||     3
         Box of beasts     |       |       |       |       |       |       |     2 |       ||     2
         Condenser vane    |       |       |       |       |       |       |     1 |       ||     1
    Use: Scroll            |       |       |     6 |    11 |     5 |     6 |     4 |     7 ||    39
   Stab: Confused          |       |       |       |     3 |     1 |       |       |       ||     4
         Distracted        |       |       |       |     1 |     3 |     4 |     1 |     3 ||    12
         Sleeping          |       |       |       |     1 |     1 |     4 |       |       ||     6
 Armour: Robe              |     7 |    28 |    66 |   122 |   168 |   295 |   200 |   162 ||  1048
         Leather armour    |       |       |       |       |   136 |    90 |       |       ||   226
  Dodge: Dodged            |    14 |    48 |    73 |   153 |   432 |   319 |   136 |    46 ||  1221
  Block: Buckler           |       |       |       |       |       |       |     3 |    33 ||    36

Table legend: (Time is in decaauts)
 A = Elapsed time spent in this place.
 B = Non-inter-level travel time spent in this place.
 C = Inter-level travel time spent in this place.
 D = Time resting spent in this place.
 E = Time spent auto-exploring this place.
 F = Levels seen in this place.
 G = Mean time per level.
                   A        B        C        D        E       F      G
               +--------+--------+--------+--------+--------+-----+--------+
         Total |  66705 |  61744 |   4961 |  12537 |  34815 |  54 | 1235.3 |
       Dungeon |  20529 |  18386 |   2143 |   2711 |  12790 |  15 | 1368.6 |
        Temple |     36 |     36 |      0 |      0 |      0 |   1 |   36.0 |
          Lair |   8210 |   7538 |    672 |   1222 |   4682 |   5 | 1642.0 |
        Shoals |   4359 |   4082 |    277 |    499 |   2357 |   4 | 1089.8 |
   Spider Nest |   4434 |   4171 |    263 |    459 |   2558 |   4 | 1108.5 |
    Slime Pits |   1962 |   1832 |    130 |    316 |    763 |   5 |  392.4 |
  Orcish Mines |   2358 |   2252 |    106 |    593 |   1176 |   2 | 1179.0 |
   Elven Halls |   6735 |   6610 |    125 |   2660 |   2749 |   3 | 2245.0 |
        Vaults |   4546 |   4360 |    186 |    754 |   2517 |   3 | 1515.3 |
        Depths |   7193 |   6269 |    924 |   1712 |   2443 |   4 | 1798.2 |
           Zot |   4256 |   4123 |    133 |   1285 |   1632 |   5 |  851.2 |
        Bazaar |     35 |     35 |      0 |      0 |      0 |   1 |   35.0 |
         Sewer |   1577 |   1577 |      0 |    235 |    987 |   1 | 1577.0 |
        Bailey |    468 |    468 |      0 |     90 |    156 |   1 |  468.0 |
               +--------+--------+--------+--------+--------+-----+--------+

Top non-repeatable levels by time:
   Elf:3: 3086 daAuts
   Elf:1: 2417 daAuts
  Lair:5: 2300 daAuts
Depths:3: 2259 daAuts
Depths:2: 2176 daAuts
    D:11: 1931 daAuts
Vaults:1: 1844 daAuts
    D:13: 1843 daAuts
  Lair:2: 1809 daAuts
   Orc:2: 1806 daAuts
     D:5: 1773 daAuts
Shoals:4: 1678 daAuts
   Zot:1: 1622 daAuts
 Slime:5: 1621 daAuts
    D:14: 1591 daAuts
